 Dungeon Crawl Stone Soup version 0.31-a0-965-g8a8ce12e04 (webtiles) character file.

Game seed: 4460155128627496676

3087 p00ps00p the Cleaver (level 9, -11/82 HPs)
             Began as a Hill Orc Fighter on Oct 26, 2023.
             Was an Initiate of Gozag.
             Succumbed to Amaemon's poison
             ... on level 8 of the Dungeon.
             The game lasted 00:17:15 (9753 turns).

p00ps00p the Cleaver (Hill Orc Fighter)             Turns: 9753, Time: 00:17:16

Health: -11/82     AC: 27    Str: 25    XL:     9   Next: 89%
Magic:  9/9        EV:  8    Int: 11    God:    Gozag
Gold:   296        SH:  6    Dex:  7    Spells: 8/8 levels left

rFire   . . .        a - +1 war axe (chaos)
rCold   . . .        c - +1 buckler
rNeg    . . .        A - +4 chain mail of the Blind Marksman {Str+2 Int+3 Dex-3}
rPois   .            u - +0 helmet
rElec   .            (no cloak)
rCorr   +            E - +2 pair of gloves {Stlth+}
SInv    .            s - +2 pair of boots
Will    .....        (no amulet) Stlth
                     C - ring of resist corrosion
HPRegen 0.33/turn    B - +4 ring of protection
MPRegen 0.11/turn

%: no passive effects
@: lethally poisoned (-11 -> -69), about to teleport, slowed, very slow
A: no striking features
a: Renounce Religion, Potion Petition, Call Merchant, Bribe Branch


You were on level 8 of the Dungeon.
You worshipped Gozag.
Gozag was aware of your devotion.
You visited 2 branches of the dungeon, and saw 9 of its levels.
You also visited: Sewer.

You collected 1825 gold pieces.
You spent 492 gold pieces at shops.
You paid 1037 gold pieces to Gozag.

Inventory:

Hand Weapons
 a - a +1 war axe of chaos (weapon)
 b - a +0 scimitar of flaming
Missiles
 p - 3 darts of dispersal
 r - 4 curare-tipped darts
Armour
 c - a +1 buckler (worn)
 s - a +2 pair of boots (worn)
 u - a +0 helmet (worn)
 A - the +4 chain mail of the Blind Marksman (worn) {Str+2 Int+3 Dex-3}
   (You bought it in a shop on level 7 of the Dungeon)

   Str+2:     It affects your strength (+2).
   Int+3:     It affects your intelligence (+3).
   Dex-3:     It affects your dexterity (-3).
 E - a +2 pair of gloves of stealth (worn)
Jewellery
 f - a ring of protection from cold
 j - a ring of flight
 B - a +4 ring of protection (right hand)
 C - a ring of resist corrosion (left hand)
Wands
 g - a wand of iceblast (10)
 m - a wand of mindburst (1)
 v - a wand of flame (28)
 y - a wand of polymorph (5)
Scrolls
 o - 5 scrolls of enchant armour
 D - a scroll of vulnerability
Potions
 d - 3 potions of might
 k - 3 potions of enlightenment {unknown}
 l - 2 potions of lignification {unknown}
 n - a potion of invisibility {unknown}
 t - a potion of magic {unknown}
 x - 2 potions of attraction {unknown}
 z - 7 potions of curing {unknown}


   Skills:
 + Level 8.9 Fighting
 + Level 9.2 Axes
 + Level 8.0 Armour
 + Level 8.1 Shields


You had 8 spell levels left.
You didn't know any spells.
Your spell library contained the following spells:

 Spells                   Type           Power      Damage    Failure   Level
 Magic Dart               Conj           0%         1d3       88%         1
 Call Imp                 Summ           0%         N/A       95%         2
 Searing Ray              Conj           0%         2d4       95%         2
 Wereblood                Tmut           0%         N/A       95%         2
 Mephitic Cloud           Conj/Pois/Air  0%         N/A       99%         3
 Fulminant Prism          Conj/Hex       0%         3d5       100%        4
 Irradiate                Conj/Tmut      0%         3d11      100%        5
 Haunt                    Necr/Summ      0%         N/A       100%        7
 Infestation              Necr           0%         N/A       100%        8
 Animate Dead             Necr           Unusable   N/A       N/A         4

Dungeon Overview and Level Annotations

Branches:
Dungeon (8/15)             Temple (1/1) D:5           Sewer (visited)
   Lair: D:8-11

Altars:
Ashenzari
Elyvilon
Fedhas
Gozag
Hepliaklqana
Kikubaaqudgha
Makhleb
Nemelex Xobeh
Okawaru
Qazlal
Ru
Trog
Vehumet
Wu Jian
Yredelemnul
Zin
The Shining One

Shops:
D:7 [

Annotations:
D:6 2 runed translucent doors
D:8 Amaemon


Message History

You kill the scorpion!
The scorpion's corpse disappears in a puff of smoke!
You barely miss the scorpion.
You feel sick. The scorpion stings you.
Amaemon hits you with a +0 demon whip of venom.
You are more poisoned.
You block Amaemon's attack. x2
The orange demon stings you but does no damage.
You slash Amaemon! You freeze Amaemon.
Amaemon is severely wounded.
You hit the scorpion. You burn the scorpion.
You feel very sick. The scorpion closely misses you.
Amaemon hits you with a +0 demon whip of venom.
You are more poisoned.
Amaemon barely misses you. x2; The orange demon stings you from afar.
You are lethally poisoned!
You have difficulty breathing.
You feel yourself slow down. You block the scorpion's attack.
You barely miss Amaemon.
Amaemon is severely wounded.
You closely miss the scorpion.
* * * LOW HITPOINT WARNING * * *
You feel extremely sick.
Amaemon hits you with a +0 demon whip of venom!
* * * LOW HITPOINT WARNING * * *
You are more poisoned.
You block Amaemon's attack. Amaemon barely misses you.
The orange demon stings you but does no damage.
The scorpion stings you but does no damage.
Amaemon hits you with a +0 demon whip of venom.
* * * LOW HITPOINT WARNING * * *
You are more poisoned.
Amaemon claws you.
* * * LOW HITPOINT WARNING * * *
Amaemon tail-slaps you but does no damage.
The orange demon completely misses you. You block the scorpion's attack.
As you read the scroll of teleportation, it crumbles to dust.
You feel strangely unstable.
You die...
Your body crumbles into a pile of gold.

.....................# .#
'#######'##+##.......#..#
.........#...####'####..#
.64......+..............#
###...... #..##.........#
..# ..... #.........# ..#
.... #.....##..# ..# ...
#.....# ## ..# #+ #.@...#
..# #6.s...# ..#
..4......# ..+
...........# ..#
....##.....## ..## ##..
#.....# ...# #. #.....#
...# . ....... ...#


You could see Amaemon (very poisoned), an orange demon (curare) and a scorpion
(summoned).

Vanquished Creatures
  Grinder (D:4)
  Prince Ribbit (D:7)
  Sigmund (D:6)
  A steam dragon (D:6)
  Pargi (Sewer)
  2 black bears
  2 ice beasts (D:7)
  A sky beast (D:7)
  2 ogres (D:5)
  3 phantoms
  A bullfrog (D:6)
  3 scorpions
  6 killer bees (D:7)
  A howler monkey (D:7)
  A gnoll bouda (D:6)
  6 hounds
  3 jellies
  2 orc priests
  3 iguanas
  3 orc wizards
  5 gnolls (D:6)
  10 adders
  2 shadow imps
  2 white imps
  5 ufetubi
  A worm (D:5)
  2 dart slugs
  24 orcs
  9 endoplasms
  5 giant cockroaches
  6 goblins
  9 hobgoblins
  7 jackals
  8 kobolds
  5 quokkas
  2 ball pythons (D:1)
  3 bats
  4 frilled lizards
  4 rats
157 creatures vanquished.

Vanquished Creatures (collateral kills)
  A sky beast (D:7)
1 creature vanquished.

Grand Total: 158 creatures vanquished

Notes
Turn   | Place    | Note
-------+----------+-------------------------------------------
     0 | D:1      | p00ps00p the Hill Orc Fighter began the quest for the Orb.
     0 | D:1      | Reached XP level 1. HP: 19/19 MP: 1/1
   140 | D:1      | Reached skill level 3 in Axes
   140 | D:1      | Reached XP level 2. HP: 24/27 MP: 2/2
   442 | D:1      | Reached XP level 3. HP: 30/33 MP: 3/3
   652 | D:1      | Found a faded altar of an unknown god.
  1033 | D:2      | Reached XP level 4. HP: 40/40 MP: 4/4
  1945 | D:3      | Found a glowing drain.
  1975 | D:3      | Reached skill level 4 in Axes
  1980 | Sewer    | Entered a sewer
  2128 | Sewer    | Reached XP level 5. HP: 47/47 MP: 5/5
  2207 | Sewer    | Noticed Pargi
  2220 | Sewer    | Killed Pargi
  2221 | Sewer    | Reached skill level 5 in Fighting
  2499 | D:3      | Reached XP level 6. HP: 56/56 MP: 6/6
  3006 | D:4      | Reached skill level 5 in Axes
  3281 | D:4      | Found a glowing golden altar of the Shining One.
  3301 | D:4      | Found a sparkling altar of Nemelex Xobeh.
  3577 | D:4      | Reached skill level 5 in Shields
  3581 | D:4      | Reached skill level 5 in Armour
  3581 | D:4      | Reached XP level 7. HP: 58/61 MP: 7/7
  3714 | D:4      | Found an ornate altar of the Wu Jian Council.
  3846 | D:4      | Noticed Grinder
  3851 | D:4      | Paralysed by Grinder for 5 turns
  3864 | D:4      | Killed Grinder
  3865 | D:4      | Reached skill level 6 in Axes
  4476 | D:5      | Entered Level 5 of the Dungeon
  4713 | D:5      | Reached XP level 8. HP: 56/71 MP: 8/8
  4814 | D:5      | Found a staircase to the Ecumenical Temple.
  5440 | D:5      | Reached skill level 7 in Axes
  5986 | Temple   | Entered the Ecumenical Temple
  6031 | Temple   | Became a worshipper of Gozag Ym Sagoz the Greedy
  6254 | D:6      | Found a sacrificial altar of Ru.
  6528 | D:6      | Found a runed translucent door.
  6530 | D:6      | Found a runed translucent door.
  6848 | D:6      | Found an ancient bone altar of Kikubaaqudgha.
  6848 | D:6      | Found an iron altar of Okawaru.
  7129 | D:6      | Reached XP level 9. HP: 72/79 MP: 9/9
  7204 | D:6      | Noticed Sigmund
  7242 | D:6      | Killed Sigmund
  7243 | D:6      | Reached skill level 8 in Axes
  7344 | D:7      | Identified a scroll of acquirement
  7344 | D:7      | Acquired 1098 gold pieces
  7348 | D:7      | Bought a faintly humming chain mail for 275 gold pieces
  7348 | D:7      | Identified the +4 chain mail of the Blind Marksman {Str+2
                  | Int+3 Dex-3} (You bought it in a shop on level 7 of the
                  | Dungeon)
  7348 | D:7      | Bought a pair of runed gloves for 217 gold pieces
  8162 | D:7      | Noticed Prince Ribbit
  8171 | D:7      | Killed Prince Ribbit
  8172 | D:7      | Reached skill level 9 in Axes
  8852 | D:8      | Noticed an orange demon
  8853 | D:8      | Noticed Amaemon
  9753 | D:8      | Succumbed to Amaemon's poison

Illustrated notes

Levels and vault maps discovered:
D:1:      mushboom_english_gardens, layout_basic,
          shapermc_ecumenical_altar_mp_urbaneastern,
          hangedman_abyss_or_decor_lesser_grid, dk_noncrumbling_4
D:2:      mumra_celtic_spiral_tile, layout_basic
D:3:      layout_basic, gup_sewer_entry_glass, kennysheep_generic_room_8
D:4:      minmay_chambers_of_twos, layout_layer_cave, lemuel_crystal_altar,
          marbit_many_paths, nzn_wu_jian_council_hall, uniq_grinder
D:5:      black_bear_nest_2, layout_layer_cave, minmay_temple_entry_wispy
D:6:      lemuel_insect_pit, layout_loops_cross, hangedman_ru_absence,
          gammafunk_temple_overflow_pools, serial_co_window_serial,
          co_window_paths_b, co_window_corner_a, co_window_paths_a,
          co_window_paths_a, co_window_paths_a, co_window_paths_a,
          co_window_paths_b, co_window_unsneaky_path_c, co_window_corner_b,
          co_window_2corner, co_window_unsneaky_path_a, co_window_corner_b,
          co_window_paths_c, glass_columns_b, glass_columns_c, glass_columns_a,
          grunt_ministairs_11, uniq_sigmund
D:7:      minmay_razor_zed, layout_loops_corners, uniq_prince_ribbit1
D:8:      nicolae_whirlpool, layout_gridville,
          grunt_dithmenos_smoke_and_mirrors, dpeg_lair_monsters, uniq_amaemon
Temple:   minmay_temple_curvy_loop

Skill      XL: |  1  2  3  4  5  6  7  8  9 |
---------------+----------------------------+-----
Axes           | 3 4 5 6 7 9 |  9.2
Fighting       | 4 5 6 7 8 |  8.9
Shields        | 4 5 6 8 |  8.1
Armour         | 4 5 6 8 |  8.0

Action                     |  1- 3 |  4- 6 |  7- 9 || total
---------------------------+-------+-------+-------++-------
  Melee: War axe           |    99 |   154 |   351 ||   604
 Invoke: Potion Petition   |       |       |     1 ||     1
         Call Merchant     |       |       |     1 ||     1
  Evoke: Wand              |       |     4 |     4 ||     8
    Use: Scroll            |       |     5 |    16 ||    21
         Potion            |       |       |     7 ||     7
 Armour: Scale mail        |    43 |       |       ||    43
         Ring mail         |    20 |     5 |       ||    25
         Chain mail        |       |   175 |   408 ||   583
  Dodge: Dodged            |    57 |    61 |   156 ||   274
  Block: Buckler           |    21 |    59 |   115 ||   195

Table legend: (Time is in decaauts)
 A = Elapsed time spent in this place.
 B = Non-inter-level travel time spent in this place.
 C = Inter-level travel time spent in this place.
 D = Time resting spent in this place.
 E = Time spent auto-exploring this place.
 F = Levels seen in this place.
 G = Mean time per level.
                   A        B        C        D        E       F      G
               +--------+--------+--------+--------+--------+-----+--------+
         Total |   9879 |   9428 |    451 |   1374 |   6332 |  10 |  987.9 |
       Dungeon |   9309 |   8948 |    361 |   1097 |   6224 |   8 | 1163.6 |
        Temple |     90 |      1 |     89 |      0 |      0 |   1 |   90.0 |
         Sewer |    479 |    479 |      0 |    277 |    108 |   1 |  479.0 |
               +--------+--------+--------+--------+--------+-----+--------+

Top non-repeatable levels by time:
     D:4: 1699 daAuts
     D:5: 1553 daAuts
     D:7: 1537 daAuts
     D:6: 1208 daAuts
     D:8: 920 daAuts
     D:2: 906 daAuts
     D:3: 760 daAuts
     D:1: 723 daAuts
   Sewer: 479 daAuts
  Temple: 90 daAuts
